 Dungeon Crawl Stone Soup version 0.32-a0-868-g153ae1a8d6 (webtiles) character file.

Game seed: 3457070133066181852

891 whatisthis the Magician (level 7, -2/36 HPs)
             Began as a Deep Elf Air Elementalist on Mar 28, 2024.
             Was a Believer of Sif Muna.
             Killed by their own static electricity (3 damage)
             ... in a sewer.
             The game lasted 00:08:07 (4344 turns).

whatisthis the Magician (Deep Elf Air Elementalist) Turns: 4344, Time: 00:08:07

Health: -2/36      AC:  3    Str:  5    XL:     7   Next: 78%
Magic:  2/18       EV: 11    Int: 22    God:    Sif Muna [**....]
Gold:   132        SH:  0    Dex: 15    Spells: 13/19 levels left

rFire   + + .        q - +6 dagger "Lashryza" {vamp, rF++}
rCold   . . .        (no shield)
rNeg    . . .        a - +0 robe
rPois   .            m - +0 helmet
rElec   .            (no cloak)
rCorr   .            (no gloves)
SInv    .            (no boots)
Will    .....        (no amulet)
Stlth   +++          k - ring of flight
HPRegen 0.26/turn    (no ring)
MPRegen 0.16/turn

%: no passive effects
@: flying
A: no striking features
a: Renounce Religion, Channel Magic


You were in a sewer.
You worshipped Sif Muna.
Sif Muna was pleased with you.
You visited 1 branch of the dungeon, and saw 4 of its levels.
You also visited: Sewer.

You collected 132 gold pieces.

Inventory:

Hand Weapons
 b - a +2 whip of electrocution
 q - the +6 dagger "Lashryza" (weapon) {vamp, rF++}
   (You found it on level 2 of the Dungeon)

   rF++:      It greatly protects you from fire.
Missiles
 c - 2 poisoned darts
Armour
 a - a +0 robe (worn)
 m - a +0 helmet (worn)
Jewellery
 k - a ring of flight (left hand)
Scrolls
 d - a scroll of teleportation {unknown}
 g - a scroll of summoning {unknown}
 j - 3 scrolls of vulnerability {unknown}
 o - 2 scrolls of revelation {unknown}
 p - a scroll of fog {unknown}
 r - a scroll of enchant armour {unknown}
Potions
 e - a potion of resistance {unknown}
 f - a potion of berserk rage {unknown}
 h - 2 potions of brilliance {unknown}
 i - a potion of degeneration {unknown}
 l - a potion of enlightenment {unknown}
 n - a potion of ambrosia {unknown}
 s - a potion of lignification {unknown}


   Skills:
 - Level 2.4 Dodging
 + Level 6.1 Stealth
 + Level 6.6 Spellcasting
 + Level 4.8 Conjurations
 + Level 5.8 Air Magic


You had 13 spell levels left.
You knew the following spells:

 Your Spells              Type           Power      Damage    Failure   Level
a - Shock                 Conj/Air       100%       1d9       1%          1
b - Static Discharge      Conj/Air       60%        3-6/arc   1%          2
c - Swiftness             Air            33%        N/A       2%          3

Your spell library contained the following spells:

 Spells                   Type           Power      Damage    Failure   Level
 Airstrike                Air            16%        2d(3-19)  8%          4


Dungeon Overview and Level Annotations

Branches:
Dungeon (4/15)              Sewer (1/1)
 Temple: D:4-7

Altars:
Sif Muna


Message History

The zap misses the bullfrog.
Unknown command.
Aiming: Shock (safe; 1% risk of failure)
Press: ? - help, Q - select action, (/) - cycle Shift-Dir - straight line, f/p - bullfrog
Aim: a bullfrog (heavily wounded, 67% to hit)
The zap hits the bullfrog.
The bullfrog is severely wounded.
Unknown command.
Aiming: Shock (safe; 1% risk of failure)
Press: ? - help, Q - select action, (/) - cycle Shift-Dir - straight line, f/p - bullfrog
Aim: a bullfrog (severely wounded, 67% to hit)
The zap hits the bullfrog.
The bullfrog is almost dead.
The bullfrog closely misses you. The bullfrog barely misses you.
The bullfrog closely misses you.
You closely miss the bullfrog. The bullfrog hits you! The bullfrog hits you. x2
You barely miss the bullfrog.
The bullfrog is almost dead.
The bullfrog barely misses you. The bullfrog hits you. x2
The bullfrog barely misses you. The bullfrog hits you.
You see here a ball python corpse.
Casting: Shock (safe; 1% risk of failure)
Confirm with . or Enter, or press ? or * to list all spells.
The bullfrog is struck by an arc of lightning.
The bullfrog is moderately wounded.
You are struck by an arc of lightning.
* * * LOW HITPOINT WARNING * * *
The bullfrog is struck by an arc of lightning.
The bullfrog is heavily wounded.
You are struck by an arc of lightning.
* * * LOW HITPOINT WARNING * * *
The lightning grounds out.
The bullfrog hits you!
* * * LOW HITPOINT WARNING * * *
The bullfrog completely misses you.
Casting: Static Discharge (safe; 1% risk of failure)
Confirm with . or Enter, or press ? or * to list all spells.
The bullfrog is struck by an arc of lightning.
The bullfrog is severely wounded.
You are struck by an arc of lightning.
You die...

#.~~.~~~~~†††.∩.###
#.~.#########~.†.~#
####~~~.†~~~††~####~.∩
##~~#~~~~.#####.~~~####
####~~~#######~∩~#~~~.~~.#
##~~~~~~~#..~~~~~~####~†~.~
##†~.~#~.##~..~~~.~~~~###~~~
#~~~~##†.#.~#######~††~~##~~
##~.~##~~##~@#~~~≈≈###.~~~##~
#.~~~#~~†#~~FF.~~~~≈≈##~~~~#~
##.~.##~.~#~~~.~~~.~~≈
##~~~##
#.~.~#.~†~#~~~~$..~~.~ #~~~~#
#∩.~~#~~~~#~~.=$?.~.~~ #.~†~#
#..~~#~.~~#≈~~.([|..~~ #.~~~#
##.~~##~~.##≈~~..~~.≈≈
##~.†##
#..~.#~~.~##≈≈..~≈≈≈≈##~~~.#~
##~~~##~.~~###≈≈≈≈≈###.~.~##~


You could see 2 bullfrogs.

Vanquished Creatures
  Pikel (D:4)
  3 lemures
  2 scorpions
  Natasha (twice) (D:3)
  An orc wizard (D:3)
  5 gnolls
  9 adders
  11 dart slugs
  A ribbon worm (D:3)
  2 orcs (D:3)
  3 bats
  12 endoplasms
  16 giant cockroaches
  9 hobgoblins
  3 quokkas
  19 ball pythons
  17 frilled lizards
  5 goblins
  7 kobolds
  6 rats
134 creatures vanquished.

Notes
Turn   | Place    | Note
-------+----------+-------------------------------------------
     0 | D:1      | whatisthis the Deep Elf Air Elementalist began the quest
                  | for the Orb.
     0 | D:1      | Reached XP level 1. HP: 10/10 MP: 6/6
   134 | D:1      | Reached XP level 2. HP: 12/15 MP: 5/8
   243 | D:1      | Learned a level 2 spell: Static Discharge
   958 | D:1      | Reached XP level 3. HP: 19/19 MP: 7/10
  1710 | D:2      | Learned a level 3 spell: Swiftness
  1850 | D:2      | Reached XP level 4. HP: 24/24 MP: 2/11
  2020 | D:2      | Identified the +6 dagger "Lashryza" {vamp, rF++}
  2239 | D:3      | Reached XP level 5. HP: 26/28 MP: 4/13
  2621 | D:3      | Noticed Natasha
  2625 | D:3      | Killed Natasha
  2803 | D:3      | Noticed Natasha
  2808 | D:3      | Killed Natasha
  2890 | D:3      | Reached skill level 5 in Spellcasting
  2890 | D:3      | Reached XP level 6. HP: 20/32 MP: 6/15
  3145 | D:3      | Identified the +3 long sword of Spontaneous Combustion
                  | {holy, Fly rF+ Str+3}
  3224 | D:4      | Found a shimmering blue altar of Sif Muna.
  3231 | D:4      | Became a worshipper of Sif Muna the Loreminder
  3374 | D:4      | Noticed Pikel
  3698 | D:4      | Killed Pikel
  3699 | D:4      | Reached skill level 5 in Stealth
  3699 | D:4      | Reached skill level 5 in Air Magic
  3699 | D:4      | Reached XP level 7. HP: 13/36 MP: 12/18
  3847 | D:4      | Found a glowing drain.
  3856 | Sewer    | Entered a sewer
  4004 | Sewer    | Reached * piety under Sif Muna
  4273 | Sewer    | Reached ** piety under Sif Muna
  4343 | Sewer    | HP: 1/36 [bullfrog (7)]
  4344 | Sewer    | Killed from afar by themself

Illustrated notes

Levels and vault maps discovered:
D:1:      wander_arrival_peaceful_grave, layout_basic,
          chequers_serial_rivers_micro_e
D:2:      layout_loops_ring, minmay_increasing_density
D:3:      layout_basic, uniq_natasha
D:4:      layout_basic, mainiacjoe_overflow_catch_the_wave,
          nicolae_overflow_squiral, portal_sewer_entry_d, uniq_pikel,
          uniq_grinder
Sewer:    sewer_frog_island_02

Skill      XL: |  1  2  3  4  5  6  7 |
---------------+----------------------+-----
Stealth        | 3 4 5 6 |  6.1
Conjurations   | 2 3 4 |  4.8
Air Magic      | 4 5 |  5.8
Spellcasting   | 4 5 6 |  6.6
Dodging        | |  2.4

Action                     |  1- 3 |  4- 6 |  7- 9 || total
---------------------------+-------+-------+-------++-------
  Melee: Dagger            |       |       |    23 ||    23
   Cast: Shock             |    90 |    89 |    64 ||   243
         Static Discharge  |     5 |    15 |     8 ||    28
         Swiftness         |       |     1 |       ||     1
    Use: Potion            |       |     1 |       ||     1
   Stab: Sleeping          |       |       |     1 ||     1
 Armour: Robe              |    13 |    31 |    34 ||    78
  Dodge: Dodged            |    11 |     8 |    43 ||    62

Table legend: (Time is in decaauts)
 A = Elapsed time spent in this place.
 B = Non-inter-level travel time spent in this place.
 C = Inter-level travel time spent in this place.
 D = Time resting spent in this place.
 E = Time spent auto-exploring this place.
 F = Levels seen in this place.
 G = Mean time per level.
                   A        B        C        D        E       F      G
               +--------+--------+--------+--------+--------+-----+--------+
         Total |   4350 |   4118 |    232 |    818 |   2429 |   5 |  870.0 |
       Dungeon |   3862 |   3630 |    232 |    562 |   2429 |   4 |  965.5 |
         Sewer |    487 |    487 |      0 |    256 |      0 |   1 |  487.0 |
               +--------+--------+--------+--------+--------+-----+--------+

Top non-repeatable levels by time:
     D:1: 1187 daAuts
     D:3: 1177 daAuts
     D:2: 1027 daAuts
   Sewer: 487 daAuts
     D:4: 470 daAuts
